 Dungeon Crawl Stone Soup version 0.29.0-7-g18a832c13a (webtiles) character file.

Game seed: 12636995850905233636

48 SnakkuSnakku7 the Cudgeller (level 4, -4/35 HPs)
             Began as a Djinni Chaos Knight on Aug 31, 2022.
             Was a Plaything of Xom.
             Slain by a gnoll
             ... wielding a +0 spear
              (7 damage)
             ... on level 2 of the Dungeon on Sept 1, 2022.
             The game lasted 00:03:36 (1787 turns).

SnakkuSnakku7 the Cudgeller (Djinni Chaos Knight)   Turns: 1787, Time: 00:03:36

Health: -4/35      AC:  5    Str: 13    XL:     4   Next: 0%
Gold:   75         EV: 12    Int: 13    God:    Xom [....*.] SH:  0 Dex: 13

rFire   + + .      SeeInvis .   a - +0 mace (chaos)
rCold   x . .      Faith    .   (no shield)
rNeg    . . .      Spirit   .   b - +2 leather armour
rPois   ∞          Reflect  .   (no helmet)
rElec   .          Harm     .   (no cloak)
rCorr   .          Rampage  .   (no gloves)
Will    .....                   (boots unavailable)
Stlth   +.........              (no amulet)
HPRegen 0.11/turn               (no ring)
MPRegen 0.00/turn               (no ring)

@: flying
A: sickness immunity, fire resistance 2, cold vulnerability 1, float, innate
caster, HP casting, extra vitality 1
a: Renounce Religion


You were on level 2 of the Dungeon.
You worshipped Xom.
You were a beloved toy of Xom.
You visited 1 branch of the dungeon, and saw 2 of its levels.

You collected 75 gold pieces.

Inventory:

Hand Weapons
 a - a +0 mace of chaos (weapon)
Missiles
 h - 4 poisoned darts
Armour
 b - a +2 leather armour (worn)
Scrolls
 d - a scroll of teleportation {unknown}
 e - a scroll of summoning {unknown}
 g - a scroll of vulnerability {unknown}
 i - a scroll of immolation {unknown}
 k - 2 scrolls of identify {unknown}
Potions
 f - a potion of berserk rage {unknown}
 j - a potion of brilliance {unknown}
 l - a potion of curing {unknown}
Miscellaneous
 c - a piece from Xom's chessboard (15/15) (quivered)


   Skills:
 - Level 3.0 Fighting
 - Level 3.4 Maces & Flails
 + Level 1.1 Throwing
 - Level 1.0 Armour
 - Level 2.1 Dodging


You had 2 spell levels left.
You knew the following spells:

 Your Spells              Type           Power      Damage    Failure   Level
a - Slow                  Hex            0%         N/A       36%         1
Your spell library was empty.

Dungeon Overview and Level Annotations

Branches:
Dungeon (2/15)

Altars:


Innate Abilities, Weirdness & Mutations

You are immune to sickness and miasma.
You are immune to poison.
Your flesh is very heat resistant. (rF++)
You are vulnerable to cold. (rC-)
You float through the air rather than walking.
You learn spells naturally, not from books.
Your magical power is your life essence.
You have superior vitality. (+4 MHP)


Message History

You hit the gnoll.
The gnoll suddenly seems more agile.
The gnoll is lightly wounded.
The gnoll hits you with a +0 spear.
You hit the gnoll but do no damage.
The gnoll is lightly wounded.
The gnoll hits you with a +0 spear.
You hit the gnoll. You burn the gnoll.
The gnoll is moderately wounded.
The gnoll closely misses you. The gnoll barely misses you.
You closely miss the gnoll.
The gnoll is moderately wounded.
The gnoll misses you.
You closely miss the gnoll.
The gnoll is lightly wounded.
The gnoll barely misses you.
You closely miss the gnoll.
The gnoll is lightly wounded.
The gnoll hits you with a +0 spear.
You hit the gnoll but do no damage.
The gnoll is lightly wounded.
The gnoll hits you with a +0 spear!
You miss the gnoll.
The gnoll is lightly wounded.
The gnoll hits you but does no damage. The gnoll closely misses you.
You miss the gnoll.
The gnoll is lightly wounded.
The gnoll hits you with a +0 spear.
You closely miss the gnoll.
The gnoll is lightly wounded.
The gnoll closely misses you.
You sock the gnoll!
The gnoll is poisoned.
The gnoll is severely wounded.
The gnoll hits you with a +0 spear.
* * * LOW HITPOINT WARNING * * *
You miss the gnoll.
The gnoll is almost dead.
The gnoll hits you with a +0 spear.
* * * LOW HITPOINT WARNING * * *
The gnoll hits you with a +0 spear!
You die...

##.##.##...#.....#.##.#
#.##.#........###.##.#
#.##.##...#.### #.##.#
#.##.###..#.# #.##.#
#.##....÷...#####.##.# #####
#.######..........##.# #...###.#
##'###########.# #.#.....#
##g..## #.# #...##### ##..@..##
###.### ##.#.## ##.......##
##.#...#
###.)...####.........####...##.#
...........'.........'.........#
###.....####.........###....####
#.##..# ##.......## #.#.##
#.##..# ##.....## #.### #.##..#
##...## #.# #.....# ##'## #.#


You could see a gnoll (agile, very poisoned).

Vanquished Creatures
  An adder (D:2)
  2 dart slugs
  2 bats (D:1)
  2 endoplasms (D:1)
  2 giant cockroaches
  7 hobgoblins
  2 jackals (D:1)
  A quokka (D:1)
  2 ball pythons (D:1)
  3 frilled lizards (D:1)
  4 goblins
  A kobold (D:1)
  4 rats
33 creatures vanquished.

Notes
Turn   | Place    | Note
-------+----------+-------------------------------------------
     0 | D:1      | SnakkuSnakku7 the Djinni Chaos Knight began the quest for
                  | the Orb.
     0 | D:1      | Reached XP level 1. HP: 20/20 MP: 0/0
    28 | D:1      | XOM: silly message
   251 | D:1      | XOM: god gift: 5 stones
   255 | D:1      | Reached XP level 2. HP: 13/25 MP: 0/0
   471 | D:1      | Found a faded altar of an unknown god.
   946 | D:1      | Reached XP level 3. HP: 30/30 MP: 0/0
   946 | D:1      | Learned a level 1 spell: Slow
  1313 | D:1      | XOM: god gift: scale mail {god gift}
  1371 | D:1      | XOM: scenery: summon butterflies
  1467 | D:2      | XOM: polymorph dart slug -> rat
  1475 | D:2      | XOM: 2-stop teleportation journey
  1541 | D:2      | Reached skill level 1 in Throwing
  1590 | D:2      | Reached XP level 4. HP: 35/35 MP: 0/0
  1787 | D:2      | Slain by a gnoll

Illustrated notes

Levels and vault maps discovered:
D:1:      ncdulo_smallfort, layout_basic, basic_ecumenical_altar,
          kennysheep_decorative_pillar, minmay_cupped
D:2:      layout_loops_corners, uniq_natasha

Skill      XL: |  1  2  3 |
---------------+----------+-----
Maces & Flails | 3 |  3.4
Throwing       | 1 |  1.1
Fighting       | |  3.0
Armour         | |  1.0
Dodging        | |  2.1

Action                   |  1- 3 |  4- 6 || total
-------------------------+-------+-------++-------
Melee: Mace              |    99 |    12 ||   111
       Punch             |     1 |       ||     1
Armor: Leather armour    |    49 |     1 ||    50
Dodge: Dodged            |    58 |     7 ||    65
